 Dungeon Crawl Stone Soup version 0.30-a0-23-ge60ba3568b (webtiles) character file.

Game seed: 7080374262378897216

12595 xian the Cleaver (level 11, -6/95 HPs)
             Began as a Hill Orc Fighter on Aug 25, 2022.
             Was a Plaything of Xom.
             Mangled by Snorg (14 damage)
             ... on level 11 of the Dungeon.
             The game lasted 00:36:38 (9593 turns).

xian the Cleaver (Hill Orc Fighter)                 Turns: 9593, Time: 00:36:39

Health: -6/95      AC: 25    Str: 24    XL:     11   Next: 95%
Magic:  11/11      EV:  8    Int: 20    God:    Xom [..*...]
Gold:   1779       SH:  7    Dex: 22    Spells: 10/10 levels left

rFire   . . .      SeeInvis .    D - +7 mace "Zeboqiex" {vorpal, Int+5 Dex+5}
rCold   . . .      Faith    .    c - +0 buckler
rNeg    . . .      Spirit   .    B - +1 plate armour "Olirghade" {Dex+7}
rPois   .          Reflect  .    z - +2 helmet {Int+3}
rElec   +          Harm     .    m - +2 cloak
rCorr   .          Rampage  .    y - +0 pair of gloves
Will    .....                    q - +1 pair of boots
Stlth   ..........               C - amulet of regeneration
HPRegen 1.05/turn                r - +6 ring of intelligence
MPRegen 0.12/turn                d - +4 ring of slaying

@: brilliant
A: dopey 1, electricity resistance
a: Renounce Religion


You were on level 11 of the Dungeon.
You worshipped Xom.
You were a toy of Xom.
You visited 1 branch of the dungeon, and saw 11 of its levels.
You also visited: Ossuary and Bailey.

You collected 1779 gold pieces.

Inventory:

Hand Weapons
 a - a +2 war axe of protection
 A - a +2 sling of flaming
 D - the +7 mace "Zeboqiex" (weapon) {vorpal, Int+5 Dex+5}
   (You found it on level 3 of the Dungeon)

   It inflicts extra damage upon your enemies.
   Int:       It affects your intelligence (+5).
   Dex:       It affects your dexterity (+5).
 O - the +6 long sword "Hurphaq" {flame, Fly Will++ rCorr}
   (You found it on level 8 of the Dungeon)

   It burns those it strikes, dealing additional fire damage.
   Big, fiery blades are also staple armaments of hydra-hunters.
   Fly:       It grants you flight.
   rCorr:     It protects you from acid and corrosion.
   Will:      It greatly increases your willpower.
Missiles
 E - 6 atropa-tipped darts
 H - a throwing net
 K - 23 poisoned darts (quivered)
 L - 4 datura-tipped darts
 M - 4 curare-tipped darts
Armour
 c - a +0 buckler (worn)
 e - a scarf of invisibility
 m - a +2 cloak (worn)
 q - a +1 pair of boots (worn)
 y - a +0 pair of gloves (worn)
 z - a +2 helmet of intelligence (worn)
 B - the +1 plate armour "Olirghade" (worn) {Dex+7}
   (You found it on level 5 of the Dungeon)

   Dex:       It affects your dexterity (+7).
Jewellery
 d - a +4 ring of slaying (right hand)
 r - a +6 ring of intelligence (left hand)
 C - an amulet of regeneration (around neck)
 P - an amulet of reflection
 T - a ring of positive energy
Wands
 i - a wand of roots (17)
 t - a wand of digging (4)
 w - a wand of paralysis (17)
 Q - a wand of flame (21)
Scrolls
 k - 3 scrolls of enchant armour
 l - 3 scrolls of fear
 n - 9 scrolls of teleportation
 s - 3 scrolls of identify
 u - 2 scrolls of enchant weapon
 v - a scroll of poison
 x - a scroll of immolation
 F - a scroll of torment
 I - 2 scrolls of blinking
 N - a scroll of summoning
 S - a scroll of amnesia
 U - a scroll of noise {unknown}
Potions
 b - a potion of ambrosia
 f - 6 potions of curing
 g - 3 potions of flight
 h - a potion of resistance
 j - 2 potions of attraction
 o - 6 potions of lignification
 G - 3 potions of brilliance
 J - a potion of magic
 R - a potion of berserk rage


   Skills:
 + Level 8.9 Fighting
 - Level 11.2(13.8) Axes
 * Level 10.9(12.4) Maces & Flails
 + Level 1.0 Throwing
 + Level 8.0 Armour
 + Level 2.1 Dodging
 + Level 3.8 Stealth
 + Level 7.4 Shields
 * Level 5.1 Evocations


You had 10 spell levels left.
You didn't know any spells.
Your spell library contained the following spells:

 Spells                   Type           Power      Damage    Failure   Level
 Blink                    Tloc           0%         N/A       99%         2
 Ensorcelled Hibernation  Hex/Ice        0%         N/A       99%         2
 Conjure Flame            Conj/Fire      0%         6-21      100%        3
 Gell's Gravitas          Tloc           0%         N/A       100%        3
 Ignite Poison            Fire/Tmut/Pois 0%         N/A       100%        3
 Spider Form              Tmut/Pois      0%         N/A       100%        3
 Teleport Other           Tloc           0%         N/A       100%        3
 Anguish                  Hex/Necr       0%         N/A       100%        4
 Fulminant Prism          Conj/Hex       0%         3d6       100%        4
 Iskenderun's Mystic Bla  Conj/Tloc      0%         2d3       100%        4
 Sticky Flame             Conj/Fire      0%         2d3       100%        4
 Lee's Rapid Deconstruct  Erth           0%         3d5*      100%        5
 Manifold Assault         Tloc           0%         N/A       100%        5
 Summon Forest            Summ/Tloc      0%         N/A       100%        5
 Yara's Violent Unravell  Hex/Tmut       0%         3d3       100%        5
 Dispersal                Tloc           0%         N/A       100%        6
 Statue Form              Tmut/Erth      0%         N/A       100%        6
 Storm Form               Tmut/Air       0%         N/A       100%        7


Dungeon Overview and Level Annotations

Branches:
Dungeon (11/15)            Temple (0/1) D:7            Lair (0/5) D:8
    Orc (0/2) D:10        Ossuary (visited)          Bailey (visited)

Altars:
Cheibriados
Dithmenos
Elyvilon
Fedhas
Gozag
Hepliaklqana
Okawaru
Qazlal
Sif Muna
Trog
Uskayaw
Xom
Yredelemnul
The Shining One

Shops:
D:8 :

Annotations:
D:11 Lodul, Snorg


Innate Abilities, Weirdness & Mutations

You are dopey. (Int -2)
You are resistant to electric shocks. (rElec)


Message History

You feel sick.
An orc wizard appears from thin air!
Reactivating autopickup.
You block the gargoyle's attack.
Unknown command.
You hit the gargoyle.
The gargoyle is heavily damaged.
You feel sick.
Xom smirks.
You detect items!
The gargoyle hurls a stone arrow at you.
The stone arrow hits you!
* * * LOW HITPOINT WARNING * * *
You hit the gargoyle but do no damage.
The gargoyle is heavily damaged.
Your surroundings suddenly seem different.
Found a stone staircase leading down.
You feel sick.
You are no longer poisoned.
The sentinel's mark upon you fades away.
You start resting.
Snorg the Insatiable comes into view.
The ground is no longer liquid beneath you.
Snorg goes berserk!
Press: ? - help, v - describe, . - travel
Here: Snorg (berserk)
The floor.
Snorg is nearby!
Unknown command.
Press: ? - help, v - describe, . - travel
Here: Snorg (berserk)
The floor.
Aiming: Paralyse
Press: ? - help, Shift-Dir - straight line, f/p - Snorg
Aim: Snorg (berserk, chance to affect: 27%) Snorg easily resists.
Snorg bites you but does no damage. Snorg claws you!
* * * LOW HITPOINT WARNING * * *
Snorg barely misses you. Snorg bites you but does no damage.
You block Snorg's attack. Snorg claws you!
You die...
Xom chortles!

#. #> #. #.
#. #.
#.#########.#
#..T@........
#..########.#
....## ###.#
#. #. #


You could see Snorg (berserk).

Vanquished Creatures
  2 two-headed ogres
  Pikel (D:5)
  An elephant (D:8)
  Psyche (D:8)
  A komodo dragon (D:10)
  A slime creature (D:8)
  Prince Ribbit (D:8)
  A vampire (D:10)
  A wyvern (D:8)
  23 yaks
  A wraith (D:10)
  4 steam dragons
  The ghost of Cedruin the Chopper, an amateur DsGl (D:3)
  3 vampire mosquitoes (D:10)
  Menkaure (D:5)
  An acid dragon (D:9)
  9 orc warriors
  2 ice beasts
  A sky beast (D:7)
  3 black bears
  2 ogres (D:11)
  7 kobold brigands
  A lemure (D:5)
  A phantom (D:5)
  3 necrophages
  3 bullfrogs
  4 scorpions
  8 wights
  6 killer bees (D:8)
  5 electric eels (D:10)
  A howler monkey (D:10)
  2 jellies
  Crazy Yiuf (D:7)
  2 human zombies (Ossuary)
  3 hounds
  6 orc priests
  Ijyb (D:5)
  6 iguanas
  6 orc wizards
  A hound zombie (Ossuary)
  5 mummies
  9 gnolls
  6 adders
  A white imp (D:5)
  2 ufetubi
  2 adder zombies (Ossuary)
  4 dart slugs
  27 orcs
  7 endoplasms
  6 giant cockroaches
  3 gnoll zombies (Ossuary)
  13 goblins
  3 hobgoblins
  A jackal (D:3)
  21 kobolds
  9 quokkas
  9 ball pythons
  7 bats
  4 frilled lizards
  2 goblin zombies (Ossuary)
  An orc zombie (Ossuary)
  9 rats
  A rat zombie (Ossuary)
280 creatures vanquished.

Vanquished Creatures (collateral kills)
  2 gnolls (D:4)
2 creatures vanquished.

Vanquished Creatures (others)
  A yak (D:8)
  An orc wizard (D:9)
  5 plants (D:10)
7 creatures vanquished.

Grand Total: 289 creatures vanquished

Notes
Turn   | Place    | Note
-------+----------+-------------------------------------------
     0 | D:1      | xian the Hill Orc Fighter began the quest for the Orb.
     0 | D:1      | Reached XP level 1. HP: 19/19 MP: 1/1
    80 | D:1      | Reached XP level 2. HP: 24/27 MP: 2/2
   233 | D:1      | Reached skill level 3 in Axes
   518 | D:1      | Reached XP level 3. HP: 32/33 MP: 3/3
   566 | D:1      | Got the Guide on Shapes and Elsewhere
   766 | D:2      | Found a shimmering altar of Xom.
   800 | D:2      | Became a worshipper of Xom of Bone-Dry Humour
   871 | D:2      | XOM: silly message
   978 | D:2      | Reached skill level 4 in Axes
  1066 | D:2      | XOM: divination: detect creatures
  1345 | D:2      | Reached XP level 4. HP: 36/40 MP: 4/4
  1644 | D:3      | Found a faded altar of an unknown god.
  1660 | D:3      | You fall into a shaft and drop 3 floors!
  1678 | D:6      | Noticed a scorpion
  1690 | D:6      | XOM: scenery: create altars
  1691 | D:6      | Killed a scorpion
  1692 | D:6      | Reached skill level 5 in Axes
  1692 | D:6      | Reached XP level 5. HP: 24/47 MP: 5/5
  1932 | D:6      | Found a glowing golden altar of the Shining One.
  1934 | D:6      | Noticed an angel
  1939 | D:6      | Found a basalt altar of Yredelemnul.
  1941 | D:6      | Noticed a profane servitor
  1947 | D:6      | Noticed an ice beast
  1962 | D:6      | Killed an ice beast
  1963 | D:6      | Reached skill level 6 in Axes
  1963 | D:6      | Reached XP level 6. HP: 40/53 MP: 6/6
  2071 | D:6      | Noticed a black bear
  2093 | D:5      | Entered Level 5 of the Dungeon
  2102 | D:5      | Reached skill level 1 in Dodging
  2267 | D:5      | Noticed Pikel
  2285 | D:5      | XOM: potion effect (haste)
  2292 | D:5      | Killed Pikel
  2293 | D:5      | Reached skill level 5 in Fighting
  2293 | D:5      | Reached skill level 8 in Axes
  2293 | D:5      | Reached XP level 7. HP: 53/61 MP: 7/7
  2335 | D:5      | Reached skill level 9 in Axes
  2335 | D:5      | Reached XP level 8. HP: 59/69 MP: 8/8
  2340 | D:5      | Found a sand-covered staircase.
  2380 | Ossuary  | Entered an ossuary
  2561 | Ossuary  | XOM: divination: detect items
  2670 | Ossuary  | XOM: cloud trail
  2788 | D:5      | XOM: 1-stop teleportation journey
  2850 | D:5      | XOM: enchant monster (good)
  2931 | D:5      | Noticed Menkaure
  2938 | D:5      | Killed Menkaure
  2939 | D:5      | Reached skill level 10 in Axes
  2956 | D:5      | Noticed Ijyb
  2977 | D:5      | Killed Ijyb
  3085 | D:5      | XOM: god gift: +2 helmet of intelligence
  3241 | D:5      | XOM: fake destruction
  3264 | D:5      | Found an iron altar of Okawaru.
  3268 | D:5      | Found a hide-covered altar of Uskayaw.
  3268 | D:5      | Found a bloodstained altar of Trog.
  3281 | D:5      | Found a white marble altar of Elyvilon.
  3284 | D:5      | Found a stormy altar of Qazlal.
  3621 | D:5      | Identified the +1 plate armour "Olirghade" {Dex+7}
  3752 | D:4      | XOM: smoke on damage
  3806 | D:4      | Reached skill level 5 in Armour
  3917 | D:4      | XOM is BORED!
  3917 | D:4      | XOM: stat loss: -2 Int (15/17)
  4393 | D:3      | XOM: confusion
  4394 | D:3      | Reached skill level 5 in Shields
  4401 | D:3      | Reached skill level 1 in Stealth
  4478 | D:3      | Found a transporter.
  4482 | D:3      | Found a transporter.
  4482 | D:3      | Noticed Cedruin's ghost (amateur DsGl)
  4517 | D:3      | Reached XP level 9. HP: 74/78 MP: 9/9
  4519 | D:3      | Killed Cedruin's ghost
  4520 | D:3      | Reached skill level 11 in Axes
  4565 | D:3      | Found a shadowy altar of Dithmenos.
  4567 | D:3      | Identified the +7 mace "Zeboqiex" {vorpal, Int+5 Dex+5}
  4571 | D:3      | XOM: polymorph orc -> rat
  4739 | D:3      | Found an opulent altar of Gozag.
  4776 | D:3      | XOM: 2-stop teleportation journey
  4817 | D:3      | Found a shimmering blue altar of Sif Muna.
  4844 | D:3      | Found a snail-covered altar of Cheibriados.
  5038 | D:6      | XOM: scenery: create altars
  5046 | D:6      | XOM: enchant monster (good)
  5054 | D:6      | Reached skill level 1 in Maces & Flails
  5062 | D:6      | XOM: divination: detect creatures
  5271 | D:6      | XOM: fog
  5357 | D:6      | XOM: confusion
  5366 | D:6      | Reached skill level 1 in Evocations
  5715 | D:7      | XOM: 2-stop teleportation journey
  5719 | D:7      | Found a staircase to the Ecumenical Temple.
  5941 | D:7      | Found a runed translucent door.
  5942 | D:7      | Noticed Crazy Yiuf
  5947 | D:7      | Killed Crazy Yiuf
  6110 | D:8      | XOM: stealth player
  6180 | D:8      | Found a shimmering altar of Xom.
  6211 | D:8      | Reached skill level 5 in Maces & Flails
  6213 | D:8      | Reached XP level 10. HP: 78/86 MP: 10/10
  6220 | D:8      | Found a flagged portal.
  6227 | Bailey   | Entered a bailey
  6291 | Bailey   | XOM: divination: detect items
  6396 | Bailey   | Found an iron altar of Okawaru.
  6563 | D:8      | Found Oqafeuc's Book Shop.
  6567 | D:8      | XOM: potion effect (invisibility)
  6587 | D:8      | XOM: noise
  6590 | D:8      | Identified the +6 long sword "Hurphaq" {flame, Fly Will++
                  | rCorr}
  6698 | D:8      | XOM: noise
  6772 | D:8      | Found a staircase to the Lair.
  6772 | D:8      | Noticed an elephant
  6773 | D:8      | Noticed Psyche
  6792 | D:8      | Killed an elephant
  6795 | D:8      | Killed Psyche
  6795 | D:8      | XOM: divination: detect creatures
  6905 | D:8      | XOM: give mutations
  6905 | D:8      | Gained mutation: Your body sometimes deteriorates upon
                  | taking damage. [Xom's mischief]
  6905 | D:8      | Gained mutation: You are clumsy. (Dex -2) [Xom's mischief]
  6906 | D:8      | Lost mutation: Your body sometimes deteriorates upon taking
                  | damage. [potion of mutation]
  6906 | D:8      | Lost mutation: You are clumsy. (Dex -2) [potion of
                  | mutation]
  6906 | D:8      | Gained mutation: You are dopey. (Int -2) [potion of
                  | mutation]
  6906 | D:8      | Gained mutation: You are resistant to electric shocks.
                  | (rElec) [potion of mutation]
  6922 | D:8      | Noticed Prince Ribbit
  6933 | D:8      | Killed Prince Ribbit
  7072 | D:8      | XOM: torment (44/86 hp)
  7268 | D:8      | XOM: summons 1 hostile shadow creature
  7427 | D:9      | XOM: divination: magic mapping
  7438 | D:9      | XOM: noise
  7443 | D:9      | XOM: silly message
  7533 | D:9      | XOM: potion effect (curing)
  7536 | D:9      | XOM: potion effect (might)
  7539 | D:9      | Reached XP level 11. HP: 89/92 MP: 11/11
  7541 | D:9      | XOM: potion effect (might)
  7543 | D:9      | XOM: cast spell 'Cause Fear'
  7554 | D:9      | XOM: noise
  7556 | D:9      | XOM: potion effect (invisibility)
  7561 | D:9      | XOM: noise
  7565 | D:9      | XOM: confuse monster(s)
  7651 | D:9      | XOM: silly message
  7658 | D:9      | Noticed a two-headed ogre
  7662 | D:9      | XOM: confuse monster(s)
  7664 | D:9      | XOM: divination: detect items
  7667 | D:9      | XOM: potion effect (invisibility)
  7680 | D:9      | Killed a two-headed ogre
  7751 | D:9      | XOM: confuse monster(s)
  7891 | D:9      | Found a blossoming altar of Fedhas.
  7935 | D:9      | XOM: silly message
  8378 | D:10     | Entered Level 10 of the Dungeon
  8435 | D:10     | Reached skill level 10 in Maces & Flails
  8437 | D:10     | XOM: potion effect (might)
  8507 | D:10     | Found a hazy altar of Hepliaklqana.
  8517 | D:10     | Found a staircase to the Orcish Mines.
  8813 | D:10     | XOM: divination: detect creatures
  9090 | D:10     | XOM: silly message
  9108 | D:10     | XOM: silly message
  9129 | D:10     | XOM: cast spell 'Summon Small Mammal'
  9133 | D:10     | Reached skill level 5 in Evocations
  9136 | D:10     | XOM: divination: detect items
  9541 | D:11     | Noticed a two-headed ogre
  9546 | D:11     | XOM: divination: detect creatures
  9549 | D:11     | Reached skill level 1 in Throwing
  9551 | D:11     | Noticed Lodul
  9552 | D:11     | Killed a two-headed ogre
  9554 | D:11     | XOM: divination: detect items
  9564 | D:11     | XOM: enchant monster (good)
  9567 | D:11     | XOM: potion effect (brilliance)
  9571 | D:11     | XOM: cast spell 'Cause Fear'
  9575 | D:11     | Noticed a two-headed ogre
  9576 | D:11     | XOM: cast spell 'Leda's Liquefaction'
  9580 | D:11     | XOM: divination: detect items
  9590 | D:11     | Noticed Snorg
  9593 | D:11     | Mangled by Snorg

Illustrated notes

Levels and vault maps discovered:
D:1:      lemuel_arrival_room, layout_basic
D:2:      layout_loops_ring, basic_altar, minmay_misc_feat_more_columns,
          minmay_joined_circles
D:3:      layout_loops_ring, old_standard_altar, slow_altar_2, led_sif_book,
          nicolae_overflow_crystal_walls, gammafunk_ghost_arena,
          hellmonk_ecumenical_altar_heavens_door
D:4:      layout_cave_pools
D:5:      layout_basic, minmay_overflow_temple_star_hex,
          nicolae_ossuary_entry_false_entrances, uniq_menkaure, uniq_ijyb,
          uniq_pikel
D:6:      layout_basic, grunt_temple_overflow_holy_war
D:7:      layout_rooms, minmay_temple_entry_waves, uniq_crazy_yiuf_cottage
D:8:      layout_basic, kennysheep_mini, david_lair_generic, enter_bailey_3,
          serial_park_tiny_pond, kennysheep_small_square, uniq_prince_ribbit1,
          uniq_psyche
D:9:      layout_basic, fedhas_altar_4
D:10:     layout_stronghold, mainiacjoe_overflow_small_starburst, david_orc_3,
          serial_bayou_lake_a
D:11:     layout_roguey [special_room_bee], serial_shops,
          nicolae_shop_statue_plus, uniq_snorg, uniq_lodul, uniq_sonja

Skill      XL: |  1  2  3  4  5  6  7  8  9 10 11 |
---------------+----------------------------------+-----
Axes           | 3 4 5 6 8 9 10 11 | 11.2
Fighting       | 4 5 6 7 8 |  8.9
Armour         | 4 5 6 7 8 |  8.0
Dodging        | 1 2 |  2.1
Shields        | 4 5 6 7 |  7.4
Stealth        | 1 3 |  3.8
Maces & Flails | 5 8 10 | 10.9
Evocations     | 2 3 5 |  5.1
Throwing       | 1 |  1.0

Action                   |  1- 3 |  4- 6 |  7- 9 | 10-12 || total
-------------------------+-------+-------+-------+-------++-------
Melee: War axe           |   100 |    72 |   174 |       ||   346
       Mace              |       |       |    85 |   346 ||   431
Throw: Dart              |       |       |       |    15 ||    15
Evoke: Wand              |       |       |     1 |     4 ||     5
  Use: Scroll            |       |    10 |    15 |     4 ||    29
       Potion            |       |     1 |       |     7 ||     8
 Stab: Petrified         |       |       |     4 |       ||     4
       Paralysed         |       |       |     1 |       ||     1
       Confused          |       |       |       |     1 ||     1
       Invisible         |       |       |       |    12 ||    12
Armor: Scale mail        |    86 |    25 |    64 |       ||   175
       Plate armour      |       |       |   148 |   279 ||   427
Dodge: Dodged            |    59 |    38 |   111 |   139 ||   347
Block: Buckler           |    34 |    15 |    60 |   136 ||   245

Table legend: (Time is in decaauts)
 A = Elapsed time spent in this place.
 B = Non-inter-level travel time spent in this place.
 C = Inter-level travel time spent in this place.
 D = Time resting spent in this place.
 E = Time spent auto-exploring this place.
 F = Levels seen in this place.
 G = Mean time per level.
                   A        B        C        D        E       F      G
               +--------+--------+--------+--------+--------+-----+--------+
         Total |   9669 |   9403 |    266 |     54 |   5777 |  13 |  743.8 |
       Dungeon |   9089 |   8823 |    266 |     54 |   5588 |  11 |  826.3 |
       Ossuary |    293 |    293 |      0 |      0 |    129 |   1 |  293.0 |
        Bailey |    286 |    286 |      0 |      0 |     60 |   1 |  286.0 |
               +--------+--------+--------+--------+--------+-----+--------+

Top non-repeatable levels by time:
     D:5: 1357 daAuts
    D:10: 1152 daAuts
     D:6: 1039 daAuts
     D:8: 1033 daAuts
     D:9: 984 daAuts
     D:2: 875 daAuts
     D:1: 786 daAuts
     D:3: 772 daAuts
     D:7: 524 daAuts
     D:4: 511 daAuts
 Ossuary: 293 daAuts
  Bailey: 286 daAuts
    D:11: 49 daAuts
